[ PARTIDA AOE2 · #465908164 ]
UnrankedEslavos vs Celts
[ ANÁLISIS DE REPETICIÓN · EXTRAÍDO DE LA PARTIDA GRABADA ]
Feudal
—
Castillos
—
Imperial
—
| APM promedio | 17.8 |
| APM pico | 49 |
| eAPM promedio | 12.6 |
| Aldeanos / militares | 172 / 975 |
Foco
⚔️ 43.8% · 🌾 56.2%
Scout Cavalry ×291 · Spearman ×222 · Militia ×172 · Skirmisher ×115 · Mangonel ×90 · Boyar ×57
Feudal
—
Castillos
—
Imperial
—
| APM promedio | 25.7 |
| APM pico | 64 |
| eAPM promedio | 20.8 |
| Aldeanos / militares | 257 / 415 |
Foco
⚔️ 16.9% · 🌾 83.1%
Trade Cart ×109 · Woad Raider ×90 · Mangonel ×74 · Knight ×70 · Spearman ×65 · Battering Ram ×50
Feudal
—
Castillos
—
Imperial
—
| APM promedio | 31.9 |
| APM pico | 127 |
| eAPM promedio | 26.5 |
| Aldeanos / militares | 182 / 666 |
Foco
⚔️ 23.2% · 🌾 76.8%
Battle Elephant ×458 · Scorpion ×158 · Trade Cart ×108 · Battering Ram ×31 · Mangonel ×11 · Trebuchet (Packed) ×8
Feudal
—
Castillos
—
Imperial
—
| APM promedio | 41.9 |
| APM pico | 101 |
| eAPM promedio | 25.5 |
| Aldeanos / militares | 206 / 1946 |
Foco
⚔️ 43.1% · 🌾 56.9%
Spearman ×878 · Militia ×364 · Woad Raider ×215 · Mangonel ×179 · Scout Cavalry ×145 · Skirmisher ×86
Feudal
—
Castillos
—
Imperial
—
| APM promedio | 15.4 |
| APM pico | 38 |
| eAPM promedio | 10.9 |
| Aldeanos / militares | 202 / 1150 |
Foco
⚔️ 44.4% · 🌾 55.6%
Scout Cavalry ×569 · Ballista Elephant ×237 · Spearman ×213 · Battle Elephant ×63 · Scorpion ×53 · Trade Cart ×39
Feudal
—
Castillos
—
Imperial
—
| APM promedio | 17.2 |
| APM pico | 50 |
| eAPM promedio | 11.8 |
| Aldeanos / militares | 101 / 868 |
Foco
⚔️ 53.3% · 🌾 46.7%
Spearman ×259 · Archer ×153 · Knight ×141 · Skirmisher ×114 · Hussite Wagon ×109 · Trade Cart ×48
Feudal
—
Castillos
—
Imperial
—
| APM promedio | 15.2 |
| APM pico | 56 |
| eAPM promedio | 14.3 |
| Aldeanos / militares | 264 / 2055 |
Foco
⚔️ 46.6% · 🌾 53.4%
Shotel Warrior ×1585 · Spearman ×355 · Trade Cart ×207 · Bombard Cannon ×91 · Scorpion ×24
Feudal
—
Castillos
—
Imperial
—
| APM promedio | 7.9 |
| APM pico | 78 |
| eAPM promedio | 6.7 |
| Aldeanos / militares | 125 / 270 |
Foco
⚔️ 18.7% · 🌾 81.3%
Janissary ×137 · Trade Cart ×92 · Hand Cannoneer ×91 · Bombard Cannon ×27 · Mangonel ×15
Mapa de la partida
Recursos iniciales + cada clic de construcción. Líneas = muros · curvas = relieve. ◆ oro · ⬟ piedra · ● bayas · ✦ reliquia · ◌ hueco del cierre
Tu base· ✓ Cerrada en 15:47 · 0t muro · sin puerta
Base de Ownersluck· ✓ Cerrada en 12:16 · 16t muro · sin puerta
Base de NKG· ✓ Cerrada en 14:57 · 0t muro · sin puerta
Base de ElBifurcado· ✓ Cerrada en 15:38 · 20t muro · 2 puerta(s)
Base de Willi881078· ✓ Cerrada en 13:06 · 0t muro · sin puerta
Base de Steve360Harrington· ✓ Cerrada en 18:33 · 19t muro · 1 puerta(s)
Base de tadeupj· ✓ Cerrada en 21:01 · 61t muro · 6 puerta(s)
Base de Blacktor· ✓ Cerrada en 21:23 · 0t muro · sin puerta
Terreno inicial suavizado · ◌ = hueco del cierre detectado · pasá el cursor para detalles
Inputs por minuto
— LeanMrClean - - Ownersluck
Build order — LeanMrClean
Primeras 150 de 827 acciones detectadas
| 0:02 | Crear | Villager (Male) |
| 0:03 | Crear | Villager (Male) |
| 0:03 | Crear | Villager (Male) |
| 0:03 | Crear | Villager (Male) |
| 0:05 | Construir | House |
| 0:06 | Construir | House |
| 0:58 | Investigar | Loom |
| 1:47 | Crear | Villager (Male) |
| 1:47 | Crear | Villager (Male) |
| 1:56 | Construir | Lumber Camp |
| 2:14 | Crear | Villager (Male) |
| 2:50 | Crear | Villager (Male) |
| 3:17 | Crear | Villager (Male) |
| 3:17 | Crear | Villager (Male) |
| 3:44 | Construir | House |
| 3:51 | Crear | Villager (Male) |
| 3:52 | Crear | Villager (Male) |
| 3:52 | Crear | Villager (Male) |
| 4:24 | Construir | Mill |
| 4:42 | Crear | Villager (Male) |
| 4:42 | Crear | Villager (Male) |
| 5:17 | Crear | Villager (Male) |
| 5:18 | Crear | Villager (Male) |
| 5:53 | Crear | Villager (Male) |
| 5:53 | Crear | Villager (Male) |
| 5:54 | Crear | Villager (Male) |
| 6:08 | Construir | House |
| 6:27 | Crear | Villager (Male) |
| 7:03 | Crear | Villager (Male) |
| 7:30 | Crear | Villager (Male) |
| 7:49 | Construir | House |
| 8:01 | Crear | Villager (Male) |
| 8:43 | Investigar | Feudal Age |
| 9:09 | Construir | Mining Camp |
| 9:50 | Crear | Villager (Male) |
| 9:50 | Crear | Villager (Male) |
| 10:08 | Construir | Lumber Camp |
| 10:54 | Construir | Farm |
| 10:55 | Construir | Farm |
| 10:56 | Construir | Farm |
| 10:58 | Construir | Farm |
| 10:59 | Construir | Farm |
| 11:00 | Construir | Farm |
| 11:03 | Investigar | Horse Collar |
| 11:29 | Crear | Villager (Male) |
| 11:31 | Investigar | Double-Bit Axe |
| 12:04 | Crear | Villager (Male) |
| 12:17 | Construir | Market |
| 12:26 | Construir | House |
| 12:27 | Construir | House |
| 12:32 | Crear | Villager (Male) |
| 12:32 | Crear | Villager (Male) |
| 12:32 | Crear | Villager (Male) |
| 13:06 | Construir | Blacksmith |
| 13:35 | Construir | Farm |
| 13:44 | Construir | Farm |
| 13:49 | Crear | Villager (Male) |
| 13:49 | Crear | Villager (Male) |
| 14:26 | Construir | Barracks |
| 14:34 | Crear | Villager (Male) |
| 15:31 | Construir | Barracks |
| 15:36 | Investigar | Wheelbarrow |
| 15:47 | Investigar | Castle Age |
| 15:53 | Crear | Militia |
| 15:54 | Crear | Militia |
| 16:10 | Crear | Militia |
| 16:18 | Investigar | Man-at-Arms (upgrade) |
| 16:42 | Crear | Villager (Male) |
| 16:45 | Crear | Militia |
| 16:45 | Crear | Militia |
| 16:46 | Crear | Militia |
| 17:17 | Crear | Militia |
| 17:17 | Crear | Militia |
| 17:17 | Crear | Militia |
| 17:32 | Investigar | Gold Mining |
| 18:02 | Construir | Farm |
| 18:03 | Construir | Farm |
| 18:03 | Construir | Farm |
| 18:04 | Construir | Farm |
| 18:18 | Construir | Mining Camp |
| 18:21 | Investigar | Stone Mining |
| 18:23 | Crear | Militia |
| 18:24 | Crear | Militia |
| 18:41 | Construir | Town Center |
| 18:49 | Crear | Villager (Male) |
| 18:50 | Crear | Villager (Male) |
| 19:06 | Investigar | Long Swordsman (upgrade) |
| 19:26 | Construir | Monastery |
| 19:33 | Crear | Villager (Male) |
| 19:34 | Crear | Villager (Male) |
| 19:49 | Construir | Town Center |
| 20:20 | Investigar | Wheelbarrow |
| 20:23 | Crear | Villager (Male) |
| 20:24 | Crear | Villager (Male) |
| 20:24 | Crear | Villager (Male) |
| 20:24 | Crear | Villager (Male) |
| 21:11 | Crear | Spearman |
| 21:11 | Crear | Spearman |
| 21:11 | Crear | Spearman |
| 21:17 | Crear | Monk |
| 21:24 | Crear | Villager (Male) |
| 21:26 | Investigar | Forging |
| 21:40 | Crear | Villager (Male) |
| 21:40 | Crear | Villager (Male) |
| 21:40 | Crear | Villager (Male) |
| 22:05 | Crear | Spearman |
| 22:05 | Crear | Spearman |
| 22:40 | Investigar | Scale Mail Armor |
| 22:43 | Crear | Villager (Male) |
| 22:43 | Crear | Villager (Male) |
| 22:44 | Crear | Villager (Male) |
| 23:19 | Investigar | Pikeman (upgrade) |
| 23:20 | Investigar | Pikeman (upgrade) |
| 23:28 | Investigar | Town Watch |
| 23:38 | Construir | Farm |
| 23:38 | Construir | Farm |
| 23:39 | Construir | Farm |
| 23:39 | Construir | Farm |
| 23:41 | Construir | Farm |
| 23:43 | Crear | Villager (Male) |
| 23:50 | Construir | House |
| 23:51 | Construir | House |
| 23:51 | Construir | House |
| 23:51 | Construir | House |
| 23:51 | Construir | House |
| 23:52 | Construir | House |
| 24:19 | Crear | Spearman |
| 24:19 | Crear | Spearman |
| 24:41 | Investigar | Squires |
| 24:45 | Investigar | Heavy Plow |
| 24:46 | Crear | Villager (Male) |
| 24:46 | Crear | Villager (Male) |
| 25:14 | Crear | Villager (Male) |
| 25:17 | Crear | Villager (Male) |
| 25:17 | Crear | Villager (Male) |
| 25:21 | Construir | Farm |
| 25:22 | Construir | Farm |
| 25:24 | Crear | Villager (Male) |
| 25:27 | Crear | Villager (Male) |
| 25:27 | Crear | Villager (Male) |
| 25:34 | Construir | Farm |
| 25:45 | Construir | Farm |
| 25:46 | Construir | Farm |
| 25:47 | Construir | Farm |
| 25:49 | Construir | Farm |
| 26:00 | Crear | Monk |
| 26:11 | Investigar | Iron Casting |
| 26:13 | Crear | Villager (Male) |
| 26:14 | Crear | Villager (Male) |
| 26:24 | Crear | Villager (Male) |
Build order — Ownersluck
Primeras 150 de 861 acciones detectadas
| 0:01 | Crear | Villager (Male) |
| 0:01 | Crear | Villager (Male) |
| 0:02 | Crear | Villager (Male) |
| 0:02 | Crear | Villager (Male) |
| 0:04 | Construir | House |
| 0:06 | Construir | House |
| 1:26 | Crear | Villager (Male) |
| 2:05 | Crear | Villager (Male) |
| 2:26 | Crear | Villager (Male) |
| 2:44 | Crear | Villager (Male) |
| 3:01 | Construir | House |
| 3:02 | Construir | House |
| 3:04 | Construir | Lumber Camp |
| 3:12 | Crear | Villager (Male) |
| 3:25 | Crear | Villager (Male) |
| 3:51 | Crear | Villager (Male) |
| 4:15 | Crear | Villager (Male) |
| 4:43 | Crear | Villager (Male) |
| 4:59 | Crear | Villager (Male) |
| 5:14 | Crear | Villager (Male) |
| 5:36 | Crear | Villager (Male) |
| 6:00 | Crear | Villager (Male) |
| 6:22 | Construir | Mill |
| 6:34 | Investigar | Loom |
| 6:46 | Construir | Mining Camp |
| 6:59 | Crear | Villager (Male) |
| 7:28 | Crear | Villager (Male) |
| 7:48 | Crear | Villager (Male) |
| 8:25 | Crear | Villager (Male) |
| 8:49 | Investigar | Feudal Age |
| 9:23 | Construir | Farm |
| 9:25 | Construir | House |
| 9:29 | Construir | Farm |
| 9:33 | Construir | Farm |
| 9:40 | Construir | Farm |
| 9:45 | Construir | Farm |
| 10:04 | Crear | Villager (Male) |
| 10:45 | Crear | Villager (Male) |
| 11:07 | Crear | Villager (Male) |
| 11:13 | Construir | Market |
| 11:17 | Construir | Blacksmith |
| 11:34 | Construir | Stone Wall |
| 11:36 | Construir | Stone Wall |
| 11:45 | Crear | Villager (Male) |
| 12:16 | Investigar | Castle Age |
| 12:33 | Construir | Farm |
| 12:39 | Investigar | Horse Collar |
| 13:06 | Construir | Gate |
| 13:36 | Investigar | Double-Bit Axe |
| 14:24 | Crear | Villager (Male) |
| 15:03 | Construir | Town Center |
| 15:12 | Construir | Town Center |
| 15:19 | Crear | Villager (Male) |
| 15:38 | Crear | Villager (Male) |
| 15:53 | Investigar | Heavy Plow |
| 16:04 | Construir | Farm |
| 16:06 | Construir | House |
| 16:09 | Construir | House |
| 16:15 | Crear | Villager (Male) |
| 16:21 | Construir | Farm |
| 16:26 | Construir | Farm |
| 16:33 | Crear | Villager (Male) |
| 16:34 | Crear | Villager (Male) |
| 16:34 | Crear | Villager (Male) |
| 16:35 | Crear | Villager (Male) |
| 16:35 | Crear | Villager (Male) |
| 16:36 | Crear | Villager (Male) |
| 16:49 | Construir | Farm |
| 16:57 | Crear | Villager (Male) |
| 17:00 | Crear | Villager (Male) |
| 17:04 | Construir | Farm |
| 17:17 | Crear | Villager (Male) |
| 17:28 | Construir | Farm |
| 17:32 | Construir | Farm |
| 17:37 | Crear | Villager (Male) |
| 17:41 | Crear | Villager (Male) |
| 17:48 | Construir | Farm |
| 17:55 | Crear | Villager (Male) |
| 17:55 | Crear | Villager (Male) |
| 18:10 | Construir | Farm |
| 18:15 | Crear | Villager (Male) |
| 18:21 | Construir | Farm |
| 18:26 | Construir | Farm |
| 18:30 | Crear | Villager (Male) |
| 18:31 | Crear | Villager (Male) |
| 18:36 | Crear | Villager (Male) |
| 18:45 | Construir | Farm |
| 18:50 | Construir | Farm |
| 18:58 | Construir | Farm |
| 19:04 | Construir | House |
| 19:05 | Crear | Villager (Male) |
| 19:06 | Crear | Villager (Male) |
| 19:06 | Crear | Villager (Male) |
| 19:17 | Construir | House |
| 19:19 | Construir | House |
| 19:29 | Crear | Villager (Male) |
| 19:29 | Crear | Villager (Male) |
| 19:30 | Crear | Villager (Male) |
| 19:50 | Construir | Farm |
| 19:53 | Construir | Farm |
| 20:03 | Construir | Farm |
| 20:04 | Construir | House |
| 20:05 | Crear | Villager (Male) |
| 20:06 | Crear | Villager (Male) |
| 20:07 | Crear | Villager (Male) |
| 20:07 | Crear | Villager (Male) |
| 20:10 | Crear | Villager (Male) |
| 20:28 | Crear | Villager (Male) |
| 20:29 | Crear | Villager (Male) |
| 20:29 | Crear | Villager (Male) |
| 20:53 | Construir | Town Center |
| 20:57 | Crear | Villager (Male) |
| 20:58 | Crear | Villager (Male) |
| 20:58 | Crear | Villager (Male) |
| 20:59 | Crear | Villager (Male) |
| 21:10 | Construir | Farm |
| 21:24 | Construir | House |
| 21:25 | Construir | House |
| 21:26 | Construir | House |
| 21:27 | Construir | House |
| 21:28 | Crear | Villager (Male) |
| 21:29 | Crear | Villager (Male) |
| 21:29 | Crear | Villager (Male) |
| 21:30 | Crear | Villager (Male) |
| 21:47 | Construir | Farm |
| 21:52 | Construir | Farm |
| 22:03 | Construir | Mining Camp |
| 22:08 | Construir | Farm |
| 22:14 | Construir | Farm |
| 22:24 | Construir | Farm |
| 22:24 | Crear | Villager (Male) |
| 22:25 | Crear | Villager (Male) |
| 22:25 | Crear | Villager (Male) |
| 22:28 | Crear | Villager (Male) |
| 22:28 | Crear | Villager (Male) |
| 22:29 | Crear | Villager (Male) |
| 22:30 | Crear | Villager (Male) |
| 22:30 | Crear | Villager (Male) |
| 22:31 | Crear | Villager (Male) |
| 22:33 | Crear | Villager (Male) |
| 22:40 | Construir | Farm |
| 22:43 | Construir | Farm |
| 22:47 | Construir | Outpost |
| 23:02 | Construir | Monastery |
| 23:03 | Crear | Villager (Male) |
| 23:03 | Crear | Villager (Male) |
| 23:04 | Crear | Villager (Male) |
| 23:04 | Crear | Villager (Male) |
| 23:05 | Crear | Villager (Male) |
| 23:09 | Crear | Villager (Male) |
Build order — NKG
Primeras 150 de 720 acciones detectadas
| 0:03 | Construir | House |
| 0:05 | Construir | House |
| 0:06 | Crear | Villager (Male) |
| 0:07 | Crear | Villager (Male) |
| 0:07 | Crear | Villager (Male) |
| 0:10 | Crear | Villager (Male) |
| 0:10 | Crear | Villager (Male) |
| 0:10 | Crear | Villager (Male) |
| 1:41 | Crear | Villager (Male) |
| 1:41 | Crear | Villager (Male) |
| 1:59 | Crear | Villager (Male) |
| 2:42 | Crear | Villager (Male) |
| 2:42 | Crear | Villager (Male) |
| 2:42 | Crear | Villager (Male) |
| 2:57 | Crear | Villager (Male) |
| 2:57 | Crear | Villager (Male) |
| 3:37 | Crear | Villager (Male) |
| 3:37 | Crear | Villager (Male) |
| 3:37 | Crear | Villager (Male) |
| 4:00 | Construir | House |
| 4:01 | Construir | House |
| 4:02 | Construir | House |
| 4:03 | Crear | Villager (Male) |
| 4:03 | Crear | Villager (Male) |
| 4:20 | Crear | Villager (Male) |
| 4:21 | Crear | Villager (Male) |
| 5:20 | Crear | Villager (Male) |
| 5:20 | Crear | Villager (Male) |
| 5:21 | Crear | Villager (Male) |
| 5:56 | Construir | Mill |
| 6:04 | Construir | Mill |
| 6:25 | Crear | Villager (Male) |
| 6:25 | Crear | Villager (Male) |
| 6:51 | Crear | Villager (Male) |
| 7:06 | Construir | Lumber Camp |
| 7:08 | Crear | Villager (Male) |
| 7:27 | Construir | Mill |
| 7:40 | Crear | Villager (Male) |
| 7:41 | Crear | Villager (Male) |
| 8:37 | Crear | Villager (Male) |
| 8:57 | Construir | Mining Camp |
| 9:21 | Construir | Farm |
| 9:27 | Construir | Farm |
| 9:46 | Construir | Farm |
| 9:48 | Construir | Farm |
| 9:55 | Investigar | Feudal Age |
| 10:23 | Crear | Villager (Male) |
| 10:24 | Crear | Villager (Male) |
| 10:24 | Crear | Villager (Male) |
| 10:24 | Crear | Villager (Male) |
| 10:42 | Construir | House |
| 10:44 | Construir | House |
| 12:06 | Investigar | Double-Bit Axe |
| 12:07 | Investigar | Horse Collar |
| 12:21 | Construir | Market |
| 12:30 | Construir | Blacksmith |
| 12:39 | Crear | Villager (Male) |
| 12:40 | Crear | Villager (Male) |
| 13:00 | Construir | Farm |
| 13:20 | Construir | Farm |
| 13:22 | Construir | Farm |
| 13:24 | Construir | Farm |
| 13:25 | Construir | Farm |
| 13:39 | Construir | Farm |
| 14:19 | Construir | Mining Camp |
| 14:25 | Crear | Villager (Male) |
| 14:55 | Construir | Farm |
| 14:57 | Investigar | Castle Age |
| 15:22 | Crear | Villager (Male) |
| 15:22 | Crear | Villager (Male) |
| 15:22 | Crear | Villager (Male) |
| 15:28 | Investigar | Stone Mining |
| 15:40 | Construir | Farm |
| 15:46 | Construir | Farm |
| 16:08 | Crear | Villager (Male) |
| 16:08 | Crear | Villager (Male) |
| 16:14 | Investigar | Gold Mining |
| 16:41 | Crear | Villager (Male) |
| 17:43 | Construir | Town Center |
| 17:51 | Crear | Villager (Male) |
| 18:07 | Construir | Town Center |
| 18:16 | Investigar | Bow Saw |
| 18:20 | Investigar | Heavy Plow |
| 18:27 | Crear | Villager (Male) |
| 18:47 | Construir | Farm |
| 19:03 | Crear | Villager (Male) |
| 19:03 | Crear | Villager (Male) |
| 19:04 | Crear | Villager (Male) |
| 19:04 | Crear | Villager (Male) |
| 19:04 | Crear | Villager (Male) |
| 19:07 | Investigar | Wheelbarrow |
| 19:31 | Construir | House |
| 19:32 | Construir | House |
| 19:33 | Construir | House |
| 19:33 | Construir | House |
| 19:35 | Construir | House |
| 19:45 | Crear | Villager (Male) |
| 19:47 | Crear | Villager (Male) |
| 19:56 | Crear | Villager (Male) |
| 19:56 | Crear | Villager (Male) |
| 19:56 | Crear | Villager (Male) |
| 19:57 | Crear | Villager (Male) |
| 20:14 | Construir | Farm |
| 20:16 | Construir | Farm |
| 20:22 | Construir | Farm |
| 20:41 | Crear | Villager (Male) |
| 20:42 | Crear | Villager (Male) |
| 20:58 | Crear | Villager (Male) |
| 21:00 | Crear | Villager (Male) |
| 21:10 | Investigar | Gold Shaft Mining |
| 21:24 | Construir | University |
| 21:32 | Crear | Villager (Male) |
| 21:34 | Crear | Villager (Male) |
| 21:44 | Construir | Farm |
| 21:48 | Construir | Farm |
| 21:57 | Construir | Farm |
| 21:58 | Construir | Farm |
| 22:06 | Construir | Farm |
| 22:14 | Construir | Farm |
| 22:15 | Construir | Farm |
| 22:18 | Investigar | Hand Cart |
| 22:19 | Crear | Villager (Male) |
| 22:32 | Construir | Monastery |
| 22:39 | Crear | Villager (Male) |
| 22:40 | Crear | Villager (Male) |
| 22:41 | Crear | Villager (Male) |
| 22:49 | Crear | Villager (Male) |
| 22:53 | Crear | Villager (Male) |
| 23:03 | Construir | Farm |
| 23:04 | Construir | Farm |
| 23:08 | Crear | Villager (Male) |
| 23:08 | Crear | Villager (Male) |
| 23:10 | Crear | Villager (Male) |
| 23:23 | Investigar | Stone Shaft Mining |
| 23:28 | Crear | Villager (Male) |
| 23:39 | Construir | Town Center |
| 23:43 | Crear | Villager (Male) |
| 23:44 | Crear | Villager (Male) |
| 23:46 | Crear | Villager (Male) |
| 23:51 | Construir | House |
| 23:51 | Construir | House |
| 23:56 | Crear | Villager (Male) |
| 23:57 | Crear | Villager (Male) |
| 23:57 | Crear | Villager (Male) |
| 24:20 | Construir | Farm |
| 24:21 | Construir | Farm |
| 24:32 | Construir | Farm |
| 24:35 | Construir | Farm |
| 24:45 | Construir | Farm |
| 24:50 | Construir | House |
Build order — ElBifurcado
Primeras 150 de 1056 acciones detectadas
| 0:29 | Construir | House |
| 0:31 | Construir | House |
| 0:32 | Crear | Villager (Male) |
| 0:32 | Crear | Villager (Male) |
| 0:32 | Crear | Villager (Male) |
| 0:33 | Crear | Villager (Male) |
| 1:56 | Crear | Villager (Male) |
| 1:57 | Crear | Villager (Male) |
| 1:57 | Crear | Villager (Male) |
| 2:38 | Crear | Villager (Male) |
| 2:39 | Crear | Villager (Male) |
| 3:12 | Crear | Villager (Male) |
| 3:12 | Crear | Villager (Male) |
| 3:13 | Crear | Villager (Male) |
| 3:14 | Crear | Villager (Male) |
| 3:14 | Crear | Villager (Male) |
| 3:48 | Crear | Villager (Male) |
| 4:11 | Crear | Villager (Male) |
| 4:11 | Crear | Villager (Male) |
| 4:19 | Construir | House |
| 4:27 | Construir | Lumber Camp |
| 4:38 | Crear | Villager (Male) |
| 4:38 | Crear | Villager (Male) |
| 5:28 | Crear | Villager (Male) |
| 5:28 | Crear | Villager (Male) |
| 5:28 | Crear | Villager (Male) |
| 5:28 | Crear | Villager (Male) |
| 5:29 | Crear | Villager (Male) |
| 7:37 | Construir | Mill |
| 7:39 | Crear | Villager (Male) |
| 7:40 | Crear | Villager (Male) |
| 7:46 | Construir | House |
| 8:03 | Construir | House |
| 8:10 | Crear | Villager (Male) |
| 8:42 | Crear | Villager (Male) |
| 8:42 | Crear | Villager (Male) |
| 9:14 | Crear | Villager (Male) |
| 9:16 | Investigar | Feudal Age |
| 9:52 | Crear | Villager (Male) |
| 10:25 | Construir | Mining Camp |
| 10:43 | Construir | Mining Camp |
| 10:52 | Construir | Farm |
| 11:12 | Construir | Farm |
| 11:25 | Construir | Barracks |
| 11:38 | Construir | Mining Camp |
| 11:44 | Construir | Farm |
| 11:48 | Construir | Farm |
| 11:50 | Construir | Farm |
| 12:32 | Construir | Stone Wall |
| 12:34 | Construir | Stone Wall |
| 12:40 | Construir | Gate |
| 12:47 | Construir | Gate |
| 12:52 | Crear | Villager (Male) |
| 12:53 | Crear | Villager (Male) |
| 12:55 | Crear | Villager (Male) |
| 13:13 | Construir | Market |
| 13:24 | Construir | Blacksmith |
| 13:27 | Crear | Villager (Male) |
| 13:41 | Crear | Spearman |
| 13:41 | Crear | Spearman |
| 13:46 | Investigar | Stone Mining |
| 13:54 | Construir | House |
| 14:00 | Construir | House |
| 14:01 | Construir | House |
| 14:10 | Construir | House |
| 14:11 | Construir | House |
| 14:16 | Construir | House |
| 14:17 | Construir | House |
| 14:18 | Construir | House |
| 14:25 | Crear | Villager (Male) |
| 14:41 | Crear | Trade Cart |
| 14:41 | Crear | Trade Cart |
| 14:49 | Construir | Lumber Camp |
| 14:53 | Construir | Farm |
| 15:21 | Construir | Farm |
| 15:38 | Investigar | Loom |
| 15:38 | Investigar | Castle Age |
| 15:40 | Investigar | Castle Age |
| 15:47 | Investigar | Double-Bit Axe |
| 16:02 | Construir | Farm |
| 16:05 | Construir | Farm |
| 16:08 | Construir | Farm |
| 16:12 | Investigar | Horse Collar |
| 16:12 | Investigar | Horse Collar |
| 16:42 | Investigar | Gold Mining |
| 17:22 | Investigar | Man-at-Arms (upgrade) |
| 17:29 | Crear | Villager (Male) |
| 17:30 | Crear | Villager (Male) |
| 17:38 | Construir | Stable |
| 18:15 | Crear | Villager (Male) |
| 18:28 | Construir | Town Center |
| 18:37 | Construir | Town Center |
| 18:47 | Crear | Knight |
| 18:47 | Crear | Knight |
| 18:59 | Investigar | Bow Saw |
| 19:04 | Crear | Villager (Male) |
| 19:29 | Crear | Knight |
| 19:50 | Crear | Villager (Male) |
| 19:50 | Crear | Villager (Male) |
| 20:06 | Construir | Town Center |
| 20:08 | Crear | Villager (Male) |
| 21:06 | Crear | Knight |
| 21:07 | Crear | Knight |
| 21:58 | Crear | Knight |
| 22:29 | Crear | Knight |
| 22:30 | Crear | Villager (Male) |
| 22:30 | Crear | Villager (Male) |
| 22:36 | Construir | Farm |
| 22:38 | Construir | Farm |
| 22:39 | Construir | Farm |
| 22:43 | Construir | Farm |
| 22:44 | Crear | Villager (Male) |
| 22:45 | Crear | Villager (Male) |
| 23:21 | Crear | Knight |
| 23:24 | Crear | Villager (Male) |
| 23:24 | Crear | Villager (Male) |
| 23:25 | Crear | Villager (Male) |
| 23:26 | Crear | Villager (Male) |
| 23:35 | Construir | Farm |
| 23:36 | Construir | Farm |
| 23:37 | Construir | Farm |
| 24:12 | Construir | Monastery |
| 24:18 | Construir | Castle |
| 24:23 | Construir | Farm |
| 24:26 | Crear | Villager (Male) |
| 24:27 | Crear | Villager (Male) |
| 24:47 | Construir | Archery Range |
| 24:54 | Construir | Farm |
| 24:56 | Crear | Villager (Male) |
| 24:57 | Crear | Villager (Male) |
| 24:58 | Crear | Villager (Male) |
| 25:01 | Construir | Farm |
| 25:03 | Investigar | Heavy Plow |
| 25:08 | Crear | Monk |
| 25:52 | Investigar | Crossbowman (upgrade) |
| 25:55 | Crear | Cavalry Archer |
| 25:56 | Crear | Cavalry Archer |
| 26:00 | Construir | Farm |
| 26:07 | Crear | Villager (Male) |
| 26:07 | Crear | Villager (Male) |
| 26:07 | Crear | Villager (Male) |
| 26:18 | Crear | Villager (Male) |
| 26:18 | Crear | Villager (Male) |
| 26:19 | Crear | Villager (Male) |
| 26:30 | Crear | Villager (Male) |
| 26:30 | Crear | Villager (Male) |
| 26:31 | Crear | Villager (Male) |
| 27:38 | Crear | Skirmisher |
| 27:40 | Crear | Cavalry Archer |
| 27:40 | Crear | Cavalry Archer |
Build order — Willi881078
Primeras 150 de 781 acciones detectadas
| 0:06 | Construir | House |
| 0:07 | Construir | House |
| 0:13 | Crear | Villager (Male) ×4 |
| 1:28 | Investigar | Loom |
| 1:55 | Crear | Villager (Male) |
| 2:19 | Crear | Villager (Male) |
| 2:49 | Construir | House |
| 2:52 | Construir | House |
| 3:05 | Crear | Villager (Male) |
| 3:29 | Crear | Villager (Male) |
| 3:56 | Crear | Villager (Male) |
| 4:20 | Construir | Mill |
| 4:24 | Crear | Villager (Male) |
| 4:24 | Crear | Villager (Male) |
| 4:39 | Construir | Lumber Camp |
| 4:44 | Crear | Villager (Male) |
| 4:44 | Crear | Villager (Male) |
| 5:32 | Crear | Villager (Male) |
| 5:32 | Crear | Villager (Male) |
| 6:14 | Crear | Villager (Male) |
| 7:14 | Crear | Villager (Male) |
| 7:14 | Crear | Villager (Male) |
| 7:14 | Crear | Villager (Male) |
| 7:56 | Crear | Villager (Male) |
| 7:56 | Crear | Villager (Male) |
| 8:39 | Construir | Mining Camp |
| 9:40 | Investigar | Feudal Age |
| 12:05 | Construir | Farm |
| 12:07 | Construir | Farm |
| 12:08 | Construir | Farm |
| 12:10 | Construir | Farm |
| 12:12 | Construir | Farm |
| 12:14 | Construir | Farm |
| 13:06 | Investigar | Castle Age |
| 13:21 | Construir | Market |
| 13:48 | Investigar | Double-Bit Axe |
| 14:52 | Construir | House |
| 14:53 | Construir | House |
| 14:55 | Construir | House |
| 15:07 | Crear | Trade Cart |
| 15:47 | Construir | Farm |
| 15:51 | Crear | Villager (Male) |
| 15:51 | Crear | Villager (Male) |
| 15:52 | Crear | Villager (Male) |
| 15:52 | Crear | Villager (Male) |
| 16:03 | Construir | Monastery |
| 16:12 | Construir | Town Center |
| 16:35 | Crear | Villager (Male) |
| 16:43 | Crear | Trade Cart |
| 17:04 | Crear | Monk |
| 17:04 | Crear | Monk |
| 17:17 | Crear | Villager (Male) |
| 17:25 | Construir | House |
| 17:45 | Construir | Mining Camp |
| 17:50 | Crear | Villager (Male) |
| 17:51 | Crear | Villager (Male) |
| 17:51 | Crear | Villager (Male) |
| 17:51 | Crear | Villager (Male) |
| 18:00 | Crear | Villager (Male) |
| 18:00 | Crear | Villager (Male) |
| 18:00 | Crear | Villager (Male) |
| 18:01 | Crear | Villager (Male) |
| 18:10 | Construir | House |
| 18:27 | Crear | Villager (Male) |
| 18:35 | Construir | Farm |
| 18:37 | Construir | Farm |
| 18:39 | Construir | Farm |
| 18:40 | Construir | Farm |
| 18:53 | Construir | House |
| 18:57 | Crear | Villager (Male) |
| 18:59 | Crear | Villager (Male) |
| 19:19 | Crear | Villager (Male) |
| 19:22 | Crear | Villager (Male) |
| 19:31 | Construir | Lumber Camp |
| 19:36 | Crear | Villager (Male) |
| 19:52 | Construir | Farm |
| 19:57 | Construir | Farm |
| 20:01 | Crear | Villager (Male) |
| 20:06 | Crear | Villager (Male) |
| 20:51 | Crear | Villager (Male) |
| 20:52 | Crear | Villager (Male) |
| 20:53 | Crear | Villager (Male) |
| 20:55 | Crear | Villager (Male) |
| 20:55 | Crear | Villager (Male) |
| 21:27 | Construir | Farm |
| 21:31 | Construir | Farm |
| 21:32 | Construir | Farm |
| 21:40 | Crear | Villager (Male) |
| 21:41 | Crear | Villager (Male) |
| 21:41 | Crear | Villager (Male) |
| 21:42 | Crear | Villager (Male) |
| 21:43 | Crear | Villager (Male) |
| 21:51 | Construir | Farm |
| 21:53 | Construir | Farm |
| 21:55 | Construir | Farm |
| 22:41 | Crear | Monk |
| 22:56 | Construir | Farm |
| 23:01 | Construir | Farm |
| 23:06 | Construir | Farm |
| 23:09 | Crear | Villager (Male) |
| 23:10 | Crear | Villager (Male) |
| 23:10 | Crear | Villager (Male) |
| 23:11 | Crear | Villager (Male) |
| 23:12 | Crear | Villager (Male) |
| 23:12 | Crear | Villager (Male) |
| 23:12 | Crear | Villager (Male) |
| 23:19 | Construir | Farm |
| 23:32 | Construir | Town Center |
| 23:41 | Construir | Farm |
| 23:43 | Construir | Farm |
| 24:11 | Crear | Villager (Male) |
| 24:22 | Construir | House |
| 24:24 | Construir | House |
| 24:25 | Construir | House |
| 24:26 | Construir | House |
| 24:33 | Crear | Trade Cart |
| 24:33 | Crear | Trade Cart |
| 24:34 | Crear | Trade Cart |
| 24:37 | Crear | Villager (Male) |
| 25:00 | Crear | Villager (Male) |
| 25:01 | Crear | Villager (Male) |
| 25:01 | Crear | Villager (Male) |
| 25:01 | Crear | Villager (Male) |
| 25:02 | Crear | Villager (Male) |
| 25:04 | Crear | Villager (Male) |
| 25:04 | Crear | Villager (Male) |
| 25:04 | Crear | Villager (Male) |
| 25:17 | Construir | Town Center |
| 25:22 | Crear | Villager (Male) |
| 25:23 | Crear | Villager (Male) |
| 25:23 | Crear | Villager (Male) |
| 25:24 | Crear | Villager (Male) |
| 25:28 | Construir | Farm |
| 25:55 | Construir | Farm |
| 25:59 | Crear | Villager (Male) |
| 26:01 | Crear | Villager (Male) |
| 26:01 | Crear | Villager (Male) |
| 26:03 | Crear | Villager (Male) |
| 26:03 | Crear | Villager (Male) |
| 26:04 | Crear | Villager (Male) |
| 26:04 | Crear | Villager (Male) |
| 26:20 | Construir | Farm |
| 26:28 | Crear | Villager (Male) |
| 26:29 | Crear | Villager (Male) |
| 26:31 | Crear | Villager (Male) |
| 26:31 | Crear | Villager (Male) |
| 26:31 | Crear | Villager (Male) |
| 26:33 | Crear | Villager (Male) |
| 26:33 | Crear | Villager (Male) |
| 26:34 | Crear | Villager (Male) |
Build order — Steve360Harrington
Primeras 150 de 798 acciones detectadas
| 0:11 | Construir | House |
| 0:13 | Construir | House |
| 0:13 | Construir | House |
| 0:16 | Construir | House |
| 0:22 | Crear | Villager (Male) |
| 0:23 | Crear | Villager (Male) |
| 0:23 | Crear | Villager (Male) |
| 0:23 | Crear | Villager (Male) |
| 0:23 | Crear | Villager (Male) |
| 1:51 | Construir | Palisade Wall |
| 1:57 | Construir | Palisade Gate |
| 2:09 | Crear | Villager (Male) |
| 2:43 | Crear | Villager (Male) |
| 3:16 | Crear | Villager (Male) |
| 3:35 | Crear | Villager (Male) |
| 4:04 | Crear | Villager (Male) |
| 4:17 | Crear | Villager (Male) |
| 4:35 | Crear | Villager (Male) |
| 5:06 | Crear | Villager (Male) |
| 5:06 | Crear | Villager (Male) |
| 5:34 | Crear | Villager (Male) |
| 6:41 | Crear | Villager (Male) |
| 6:50 | Construir | Mill |
| 8:23 | Crear | Villager (Male) |
| 8:41 | Construir | Lumber Camp |
| 9:20 | Investigar | Feudal Age |
| 9:45 | Construir | Farm |
| 9:52 | Construir | Farm |
| 9:57 | Construir | Farm |
| 10:09 | Construir | Farm |
| 11:35 | Construir | Market |
| 11:44 | Investigar | Wheelbarrow |
| 11:45 | Crear | Villager (Male) |
| 11:45 | Crear | Villager (Male) |
| 11:56 | Construir | Farm |
| 12:16 | Investigar | Double-Bit Axe |
| 12:44 | Investigar | Horse Collar |
| 13:06 | Crear | Villager (Male) |
| 13:36 | Crear | Villager (Male) |
| 13:46 | Construir | Mining Camp |
| 14:01 | Crear | Villager (Male) |
| 14:13 | Construir | House |
| 14:15 | Construir | House |
| 14:18 | Construir | House |
| 14:34 | Construir | Farm |
| 14:42 | Construir | Farm |
| 16:07 | Crear | Villager (Male) |
| 16:07 | Crear | Villager (Male) |
| 16:08 | Crear | Villager (Male) |
| 16:08 | Crear | Villager (Male) |
| 16:24 | Construir | Farm |
| 16:54 | Construir | Farm |
| 17:25 | Construir | Farm |
| 17:46 | Construir | Blacksmith |
| 18:00 | Crear | Villager (Male) |
| 18:33 | Investigar | Castle Age |
| 19:05 | Construir | Stone Wall |
| 19:21 | Construir | Gate |
| 20:08 | Construir | Mining Camp |
| 20:20 | Construir | Mining Camp |
| 20:53 | Construir | Farm |
| 20:59 | Crear | Villager (Male) |
| 20:59 | Crear | Villager (Male) |
| 20:59 | Crear | Villager (Male) |
| 21:00 | Crear | Villager (Male) |
| 21:26 | Construir | Town Center |
| 21:40 | Investigar | Hand Cart |
| 21:58 | Construir | Monastery |
| 22:25 | Crear | Villager (Male) |
| 22:25 | Crear | Villager (Male) |
| 22:34 | Investigar | Heavy Plow |
| 22:37 | Investigar | Bow Saw |
| 23:08 | Crear | Monk |
| 23:08 | Crear | Monk |
| 23:57 | Construir | Town Center |
| 24:29 | Crear | Villager (Male) |
| 24:29 | Crear | Villager (Male) |
| 24:29 | Crear | Villager (Male) |
| 24:36 | Crear | Villager (Male) |
| 24:36 | Crear | Villager (Male) |
| 24:58 | Construir | House |
| 25:00 | Construir | House |
| 25:01 | Construir | House |
| 25:03 | Construir | House |
| 25:04 | Construir | House |
| 25:05 | Construir | House |
| 25:07 | Construir | House |
| 25:08 | Construir | House |
| 25:22 | Construir | Mining Camp |
| 25:27 | Crear | Villager (Male) |
| 25:27 | Crear | Villager (Male) |
| 25:28 | Crear | Villager (Male) |
| 25:29 | Crear | Villager (Male) |
| 25:29 | Crear | Villager (Male) |
| 25:53 | Crear | Villager (Male) |
| 25:54 | Crear | Villager (Male) |
| 26:03 | Construir | Farm |
| 26:04 | Construir | Farm |
| 26:12 | Crear | Villager (Male) |
| 26:13 | Crear | Villager (Male) |
| 26:13 | Crear | Villager (Male) |
| 26:24 | Construir | Farm |
| 26:27 | Construir | Farm |
| 26:29 | Construir | Farm |
| 26:49 | Crear | Villager (Male) |
| 26:59 | Investigar | Caravan |
| 27:02 | Crear | Trade Cart |
| 27:02 | Crear | Trade Cart |
| 27:11 | Crear | Villager (Male) |
| 27:11 | Crear | Villager (Male) |
| 27:19 | Crear | Villager (Male) |
| 27:20 | Crear | Villager (Male) |
| 27:32 | Construir | Farm |
| 27:33 | Construir | Farm |
| 27:34 | Construir | Farm |
| 28:16 | Crear | Villager (Male) |
| 28:17 | Crear | Villager (Male) |
| 28:24 | Crear | Villager (Male) |
| 28:24 | Crear | Villager (Male) |
| 28:53 | Construir | University |
| 29:04 | Crear | Villager (Male) |
| 29:04 | Crear | Villager (Male) |
| 29:17 | Crear | Trade Cart |
| 29:17 | Crear | Trade Cart |
| 29:17 | Crear | Trade Cart |
| 29:17 | Crear | Trade Cart |
| 29:18 | Crear | Trade Cart |
| 29:19 | Crear | Trade Cart |
| 29:19 | Crear | Trade Cart |
| 29:19 | Crear | Trade Cart |
| 29:20 | Crear | Trade Cart |
| 29:21 | Crear | Trade Cart |
| 29:21 | Crear | Trade Cart |
| 29:48 | Construir | Castle |
| 29:58 | Crear | Villager (Male) |
| 29:58 | Crear | Villager (Male) |
| 30:11 | Investigar | Treadmill Crane |
| 30:16 | Investigar | Chemistry |
| 30:23 | Crear | Villager (Male) |
| 30:23 | Crear | Villager (Male) |
| 30:29 | Crear | Villager (Male) |
| 30:29 | Crear | Villager (Male) |
| 31:08 | Crear | Villager (Male) |
| 31:08 | Crear | Villager (Male) |
| 32:09 | Investigar | Fortified Wall (upgrade) |
| 32:10 | Investigar | Murder Holes |
| 33:30 | Investigar | Imperial Age |
| 33:40 | Crear | Villager (Male) |
| 33:40 | Crear | Villager (Male) |
| 33:40 | Crear | Villager (Male) |
Build order — tadeupj
Primeras 150 de 1052 acciones detectadas
| 0:04 | Construir | House |
| 0:06 | Construir | House |
| 0:07 | Construir | House |
| 0:08 | Construir | House |
| 0:10 | Crear | Villager (Male) |
| 0:11 | Investigar | Loom |
| 0:11 | Crear | Villager (Male) ×3 |
| 0:12 | Crear | Villager (Male) ×3 |
| 0:12 | Crear | Villager (Male) ×3 |
| 1:52 | Crear | Villager (Male) |
| 2:23 | Construir | Palisade Wall |
| 2:28 | Crear | Villager (Male) |
| 3:08 | Crear | Villager (Male) |
| 3:09 | Crear | Villager (Male) |
| 3:40 | Crear | Villager (Male) |
| 4:26 | Construir | Palisade Gate |
| 4:32 | Crear | Villager (Male) |
| 4:32 | Crear | Villager (Male) |
| 4:33 | Crear | Villager (Male) |
| 4:33 | Crear | Villager (Male) |
| 5:01 | Crear | Villager (Male) |
| 5:02 | Crear | Villager (Male) |
| 5:15 | Construir | Lumber Camp |
| 5:19 | Crear | Villager (Male) |
| 5:33 | Crear | Villager (Male) |
| 5:53 | Crear | Villager (Male) |
| 5:53 | Crear | Villager (Male) |
| 6:50 | Crear | Villager (Male) |
| 6:50 | Crear | Villager (Male) |
| 7:04 | Construir | House |
| 7:18 | Crear | Villager (Male) |
| 7:18 | Crear | Villager (Male) |
| 7:19 | Crear | Villager (Male) |
| 7:19 | Crear | Villager (Male) |
| 7:20 | Crear | Villager (Male) |
| 7:21 | Crear | Villager (Male) |
| 7:23 | Crear | Villager (Male) |
| 7:23 | Crear | Villager (Male) |
| 7:48 | Construir | Mill |
| 7:51 | Crear | Villager (Male) |
| 7:52 | Crear | Villager (Male) |
| 7:52 | Crear | Villager (Male) |
| 7:52 | Crear | Villager (Male) |
| 9:03 | Investigar | Feudal Age |
| 9:20 | Construir | Lumber Camp |
| 10:25 | Construir | Mill |
| 11:15 | Investigar | Double-Bit Axe |
| 11:15 | Investigar | Double-Bit Axe |
| 11:20 | Crear | Villager (Male) |
| 11:20 | Crear | Villager (Male) |
| 11:21 | Crear | Villager (Male) |
| 11:26 | Investigar | Horse Collar |
| 11:28 | Crear | Villager (Male) |
| 11:28 | Crear | Villager (Male) |
| 11:28 | Crear | Villager (Male) |
| 11:28 | Crear | Villager (Male) |
| 11:29 | Crear | Villager (Male) |
| 11:38 | Construir | House |
| 11:41 | Construir | House |
| 11:57 | Construir | Stone Wall |
| 12:00 | Construir | Stone Wall |
| 12:02 | Construir | Stone Wall |
| 12:20 | Construir | Gate |
| 12:25 | Construir | Gate |
| 12:34 | Construir | Gate |
| 12:44 | Crear | Villager (Male) |
| 12:44 | Crear | Villager (Male) ×3 |
| 12:45 | Crear | Villager (Male) ×2 |
| 13:22 | Construir | House |
| 13:23 | Construir | House |
| 13:25 | Construir | House |
| 13:26 | Construir | House |
| 13:27 | Construir | House |
| 13:29 | Construir | House |
| 13:30 | Construir | House |
| 13:32 | Construir | House |
| 13:51 | Construir | Market |
| 14:17 | Construir | Mining Camp |
| 14:27 | Crear | Villager (Male) ×5 |
| 14:28 | Crear | Villager (Male) ×5 |
| 14:28 | Crear | Villager (Male) ×5 |
| 14:59 | Crear | Villager (Male) |
| 15:00 | Crear | Villager (Male) |
| 15:00 | Crear | Villager (Male) |
| 15:00 | Crear | Villager (Male) |
| 15:16 | Construir | Stone Wall |
| 15:30 | Construir | Mining Camp |
| 15:32 | Crear | Villager (Male) ×2 |
| 15:33 | Crear | Villager (Male) ×2 |
| 15:35 | Construir | Farm |
| 15:41 | Construir | Farm |
| 15:44 | Construir | Farm |
| 15:47 | Construir | Farm |
| 16:06 | Construir | Gate |
| 16:10 | Construir | Gate |
| 16:38 | Crear | Villager (Male) |
| 16:38 | Crear | Villager (Male) |
| 16:38 | Crear | Villager (Male) |
| 16:44 | Construir | Farm |
| 16:47 | Construir | Farm |
| 16:52 | Construir | Farm |
| 17:25 | Construir | House |
| 17:30 | Construir | Blacksmith |
| 17:42 | Crear | Villager (Male) |
| 17:43 | Crear | Villager (Male) ×3 |
| 17:43 | Crear | Villager (Male) ×3 |
| 17:46 | Construir | Farm |
| 17:52 | Crear | Villager (Male) |
| 17:52 | Crear | Villager (Male) |
| 17:52 | Crear | Villager (Male) |
| 18:05 | Construir | Farm |
| 18:27 | Crear | Villager (Male) ×2 |
| 18:27 | Crear | Villager (Male) ×2 |
| 18:27 | Crear | Villager (Male) ×2 |
| 18:29 | Construir | Farm |
| 18:46 | Construir | Mining Camp |
| 19:02 | Construir | Farm |
| 19:11 | Crear | Villager (Male) ×2 |
| 19:11 | Crear | Villager (Male) ×2 |
| 19:15 | Construir | Farm |
| 19:17 | Construir | Farm |
| 19:19 | Construir | Farm |
| 19:24 | Construir | Farm |
| 19:28 | Crear | Villager (Male) |
| 19:28 | Crear | Villager (Male) |
| 19:28 | Crear | Villager (Male) |
| 19:35 | Construir | Farm |
| 19:36 | Construir | Farm |
| 19:45 | Construir | Farm |
| 20:10 | Construir | Farm |
| 20:19 | Crear | Villager (Male) |
| 20:19 | Crear | Villager (Male) |
| 20:20 | Crear | Villager (Male) |
| 20:20 | Crear | Villager (Male) |
| 20:20 | Crear | Villager (Male) |
| 20:32 | Construir | Farm |
| 20:33 | Construir | Farm |
| 20:43 | Construir | Farm |
| 21:01 | Investigar | Castle Age |
| 21:48 | Investigar | Stone Mining |
| 21:53 | Investigar | Wheelbarrow |
| 21:55 | Investigar | Town Watch |
| 22:06 | Investigar | Gold Mining |
| 22:20 | Investigar | Scale Mail Armor |
| 22:53 | Investigar | Forging |
| 23:47 | Construir | Town Center |
| 23:57 | Construir | Town Center |
| 24:02 | Investigar | Bow Saw |
| 24:06 | Investigar | Heavy Plow |
| 24:35 | Construir | Castle |
Build order — Blacktor
Primeras 150 de 408 acciones detectadas
| 0:19 | Construir | House |
| 0:35 | Crear | Villager (Male) |
| 0:35 | Crear | Villager (Male) |
| 0:35 | Crear | Villager (Male) |
| 0:35 | Crear | Villager (Male) |
| 1:22 | Construir | House |
| 1:23 | Construir | House |
| 1:25 | Construir | House |
| 1:28 | Construir | House |
| 3:23 | Construir | Mill |
| 3:28 | Crear | Villager (Male) |
| 3:29 | Crear | Villager (Male) |
| 3:29 | Crear | Villager (Male) |
| 4:11 | Crear | Villager (Male) |
| 5:02 | Crear | Villager (Male) |
| 5:03 | Crear | Villager (Male) |
| 5:38 | Construir | Lumber Camp |
| 5:49 | Crear | Villager (Male) |
| 6:37 | Crear | Villager (Male) |
| 6:37 | Crear | Villager (Male) |
| 6:37 | Crear | Villager (Male) |
| 7:21 | Crear | Villager (Male) |
| 8:56 | Crear | Villager (Male) |
| 8:56 | Crear | Villager (Male) |
| 8:57 | Crear | Villager (Male) |
| 10:32 | Crear | Villager (Male) |
| 10:33 | Crear | Villager (Male) |
| 11:14 | Investigar | Feudal Age |
| 11:33 | Construir | Mining Camp |
| 13:34 | Investigar | Double-Bit Axe |
| 13:40 | Investigar | Horse Collar |
| 13:43 | Investigar | Wheelbarrow |
| 14:07 | Construir | Mill |
| 15:03 | Crear | Villager (Male) |
| 15:03 | Crear | Villager (Male) |
| 15:03 | Crear | Villager (Male) |
| 15:04 | Crear | Villager (Male) |
| 15:17 | Investigar | Gold Mining |
| 16:38 | Construir | Farm |
| 16:40 | Construir | Farm |
| 16:41 | Construir | Farm |
| 16:44 | Construir | Farm |
| 16:50 | Construir | Farm |
| 16:51 | Construir | Farm |
| 17:16 | Crear | Villager (Male) |
| 17:16 | Crear | Villager (Male) |
| 17:16 | Crear | Villager (Male) |
| 17:49 | Construir | House |
| 17:51 | Construir | House |
| 17:52 | Construir | House |
| 17:53 | Construir | House |
| 17:54 | Construir | House |
| 17:55 | Construir | House |
| 17:57 | Construir | House |
| 18:15 | Construir | Market |
| 18:38 | Construir | Farm |
| 18:39 | Construir | Farm |
| 18:41 | Construir | Farm |
| 18:42 | Construir | Farm |
| 18:56 | Construir | Farm |
| 18:57 | Construir | Farm |
| 18:58 | Construir | Farm |
| 19:03 | Construir | Farm |
| 19:19 | Crear | Villager (Male) |
| 19:20 | Crear | Villager (Male) |
| 19:20 | Crear | Villager (Male) |
| 19:59 | Construir | Blacksmith |
| 20:17 | Investigar | Stone Mining |
| 20:24 | Crear | Villager (Male) |
| 20:27 | Crear | Villager (Male) |
| 20:52 | Construir | Mining Camp |
| 21:23 | Investigar | Castle Age |
| 22:07 | Crear | Trade Cart |
| 22:09 | Crear | Trade Cart |
| 24:07 | Investigar | Hand Cart |
| 24:10 | Investigar | Bow Saw |
| 24:14 | Investigar | Heavy Plow |
| 24:20 | Investigar | Gold Shaft Mining |
| 24:27 | Investigar | Caravan |
| 24:33 | Investigar | Coinage |
| 24:40 | Crear | Villager (Male) |
| 24:41 | Crear | Villager (Male) |
| 25:40 | Construir | Mining Camp |
| 25:54 | Crear | Villager (Male) |
| 25:54 | Crear | Villager (Male) |
| 25:55 | Crear | Villager (Male) |
| 27:09 | Construir | Town Center |
| 27:24 | Crear | Villager (Male) |
| 27:25 | Crear | Villager (Male) |
| 27:25 | Crear | Villager (Male) |
| 27:53 | Crear | Trade Cart |
| 27:54 | Crear | Trade Cart |
| 27:55 | Crear | Trade Cart |
| 27:56 | Crear | Trade Cart |
| 29:55 | Investigar | Town Watch |
| 29:57 | Crear | Villager (Male) ×5 |
| 29:58 | Crear | Villager (Male) ×5 |
| 30:25 | Investigar | Forging |
| 30:26 | Investigar | Scale Mail Armor |
| 30:27 | Investigar | Padded Archer Armor |
| 30:28 | Investigar | Fletching |
| 30:29 | Investigar | Scale Barding Armor |
| 30:43 | Construir | University |
| 31:31 | Construir | Lumber Camp |
| 31:51 | Construir | Farm |
| 31:53 | Construir | Farm |
| 31:59 | Investigar | Town Patrol |
| 32:06 | Crear | Villager (Male) ×5 |
| 32:18 | Construir | Lumber Camp |
| 32:32 | Investigar | Guard Tower (upgrade) |
| 32:33 | Investigar | Fortified Wall (upgrade) |
| 32:34 | Investigar | Masonry |
| 32:40 | Construir | House |
| 32:42 | Construir | House |
| 32:44 | Construir | House |
| 32:46 | Construir | House |
| 32:47 | Construir | House |
| 33:11 | Construir | Town Center |
| 34:20 | Construir | Castle |
| 34:35 | Investigar | Loom |
| 34:37 | Crear | Villager (Male) ×5 |
| 34:38 | Crear | Villager (Male) ×5 |
| 35:07 | Investigar | Iron Casting |
| 35:07 | Investigar | Chain Mail Armor |
| 35:28 | Construir | Farm |
| 35:31 | Construir | Farm |
| 35:38 | Construir | Farm |
| 35:40 | Construir | Farm |
| 35:44 | Construir | Farm |
| 36:03 | Construir | Farm |
| 36:04 | Construir | Farm |
| 36:06 | Construir | Farm |
| 36:07 | Construir | Farm |
| 36:09 | Construir | Farm |
| 36:10 | Construir | Farm |
| 36:11 | Construir | Farm |
| 36:14 | Construir | Farm |
| 36:32 | Construir | Barracks |
| 36:54 | Construir | Farm |
| 36:56 | Construir | Farm |
| 36:59 | Construir | Farm |
| 37:00 | Construir | Farm |
| 37:13 | Construir | Market |
| 37:16 | Construir | Market |
| 37:18 | Construir | Market |
| 37:23 | Construir | Market |
| 37:43 | Investigar | Imperial Age |
| 38:19 | Construir | Market |
| 38:22 | Construir | Market |
| 38:26 | Construir | Market |
Cronología de la partida
| 1:51 | Steve360Harrington · wall_segment Palisade Wall x19 |
| 2:23 | tadeupj · wall_segment Palisade Wall x18 |
| 11:25 | ElBifurcado · first_building Barracks |
| 11:34 | Ownersluck · wall_segment Stone Wall x5 |
| 11:36 | Ownersluck · wall_segment Stone Wall x11 |
| 11:57 | tadeupj · wall_segment Stone Wall x12 |
| 12:00 | tadeupj · wall_segment Stone Wall x6 |
| 12:02 | tadeupj · wall_segment Stone Wall x10 |
| 12:32 | ElBifurcado · wall_segment Stone Wall x4 |
| 12:34 | ElBifurcado · wall_segment Stone Wall x16 |
| 14:26 | LeanMrClean · first_building Barracks |
| 15:16 | tadeupj · wall_segment Stone Wall x17 |
| 16:03 | Willi881078 · first_building Monastery |
| 17:38 | ElBifurcado · first_building Stable |
| 19:05 | Steve360Harrington · wall_segment Stone Wall x18 |
| 19:26 | LeanMrClean · first_building Monastery |
| 21:58 | Steve360Harrington · first_building Monastery |
| 22:32 | NKG · first_building Monastery |
| 23:02 | Ownersluck · first_building Monastery |
| 23:46 | Steve360Harrington · first_market_buy 100 stone |
| 24:12 | ElBifurcado · first_building Monastery |
| 24:18 | ElBifurcado · first_building Castle |
| 24:26 | Ownersluck · wall_segment Stone Wall x15 |
| 24:35 | tadeupj · first_building Castle |
| 24:47 | ElBifurcado · first_building Archery Range |
| 28:02 | Willi881078 · first_building Castle |
| 29:42 | Ownersluck · first_building Siege Workshop |
| 29:48 | Steve360Harrington · first_building Castle |
| 30:06 | Ownersluck · first_building Barracks |
| 30:07 | LeanMrClean · first_building Siege Workshop |
| 30:20 | NKG · first_building Castle |
| 30:31 | NKG · first_building Siege Workshop |
| 30:44 | LeanMrClean · first_market_buy 100 wood |
| 30:47 | NKG · first_building Barracks |
| 32:50 | ElBifurcado · first_building Siege Workshop |
| 34:20 | Blacktor · first_building Castle |
| 34:40 | NKG · first_building Stable |
| 34:50 | Ownersluck · first_market_sell 500 wood |
| 34:57 | LeanMrClean · first_building Castle |
| 35:41 | Ownersluck · first_building Castle |
| 36:26 | Steve360Harrington · first_building Barracks |
| 36:32 | Blacktor · first_building Barracks |
| 36:55 | ElBifurcado · wall_segment Stone Wall x20 |
| 37:26 | Willi881078 · first_building Siege Workshop |
| 38:26 | Steve360Harrington · first_building Archery Range |
| 38:39 | Steve360Harrington · first_building Stable |
| 38:47 | Blacktor · first_building Siege Workshop |
| 39:02 | ElBifurcado · wall_segment Stone Wall x16 |
| 39:30 | Ownersluck · first_building Stable |
| 40:15 | tadeupj · first_building Siege Workshop |
| 41:18 | Steve360Harrington · first_building Siege Workshop |
| 41:28 | Ownersluck · first_market_buy 100 stone |
| 42:24 | ElBifurcado · wall_segment Stone Wall x2 |
| 42:26 | Willi881078 · first_building Barracks |
| 44:05 | tadeupj · wall_segment Stone Wall x6 |
| 44:07 | tadeupj · wall_segment Stone Wall x4 |
| 44:11 | tadeupj · wall_segment Stone Wall x4 |
| 46:28 | Willi881078 · first_building Stable |
| 46:35 | ElBifurcado · wall_segment Stone Wall x4 |
| 50:09 | LeanMrClean · first_building Stable |
| 51:33 | Blacktor · wall_segment Stone Wall x24 |
| 55:19 | LeanMrClean · wall_segment Stone Wall x16 |
| 56:11 | Blacktor · wall_segment Stone Wall x1 |
| 56:12 | Blacktor · wall_segment Stone Wall x3 |
| 56:13 | Blacktor · wall_segment Stone Wall x1 |
| 56:51 | ElBifurcado · first_market_sell 500 wood |
| 57:37 | NKG · wall_segment Stone Wall x13 |
| 59:00 | NKG · wall_segment Stone Wall x1 |
| 59:06 | NKG · wall_segment Stone Wall x12 |
| 61:27 | Blacktor · first_market_buy 500 stone |
| 63:52 | LeanMrClean · tribute_sent a jugador 1 |
| 63:52 | LeanMrClean · tribute_sent a jugador 2 |
| 63:52 | LeanMrClean · tribute_sent a jugador 3 |
| 63:52 | LeanMrClean · tribute_sent a jugador 4 |
| 63:52 | LeanMrClean · tribute_sent a jugador 5 |
| 63:52 | LeanMrClean · tribute_sent a jugador 7 |
| 63:52 | LeanMrClean · tribute_sent a jugador 8 |
| 65:34 | tadeupj · first_market_sell 500 wood |
| 65:39 | tadeupj · first_market_buy 500 stone |
| 70:16 | Ownersluck · wall_segment Stone Wall x14 |
| 70:23 | Ownersluck · wall_segment Stone Wall x5 |
| 70:32 | Ownersluck · wall_segment Stone Wall x12 |
| 71:12 | Ownersluck · wall_segment Stone Wall x7 |
| 71:17 | Ownersluck · wall_segment Stone Wall x10 |
| 71:19 | Ownersluck · wall_segment Stone Wall x6 |
| 71:24 | LeanMrClean · first_building Archery Range |
| 77:28 | Blacktor · first_building Archery Range |
| 78:22 | Blacktor · first_market_sell 100 food |
| 78:40 | NKG · first_building Archery Range |
| 79:49 | tadeupj · first_building Barracks |
| 82:25 | Ownersluck · wall_segment Stone Wall x22 |
| 82:36 | Ownersluck · wall_segment Stone Wall x1 |
| 82:41 | Ownersluck · wall_segment Stone Wall x6 |
| 86:10 | tadeupj · wall_segment Stone Wall x18 |
| 87:31 | ElBifurcado · wall_segment Stone Wall x9 |
| 88:31 | Willi881078 · wall_segment Stone Wall x7 |
| 90:18 | Ownersluck · wall_segment Stone Wall x10 |
| 90:36 | ElBifurcado · wall_segment Stone Wall x7 |
| 90:40 | LeanMrClean · resign |
| 92:52 | Willi881078 · first_market_buy 100 stone |
| 96:45 | ElBifurcado · first_market_buy 500 stone |
| 98:32 | ElBifurcado · wall_segment Stone Wall x4 |
| 98:38 | ElBifurcado · wall_segment Stone Wall x8 |
| 110:42 | ElBifurcado · tribute_sent a jugador 1 |
| 110:42 | ElBifurcado · tribute_sent a jugador 2 |
| 110:42 | ElBifurcado · tribute_sent a jugador 4 |
| 110:42 | ElBifurcado · tribute_sent a jugador 5 |
| 110:42 | ElBifurcado · tribute_sent a jugador 6 |
| 110:42 | ElBifurcado · tribute_sent a jugador 7 |
| 110:42 | ElBifurcado · tribute_sent a jugador 8 |
[ ANÁLISIS IA · 1 CRÉDITO ]
¿Qué pasó realmente en esta partida?
Wolo.gg analiza cada decisión: build order, eco, micro, errores típicos por bracket. Análisis personalizado por WhatsApp o Discord en 30 segundos.
Guía civ
Eslavos
Guía mapa
Amazon Tunnel
Perfil
Jugador #1111021